Map: Lockdown LE

Players

llllllllllll

  • Race: Protoss Protoss
  • League: Diamond
  • Spawn Location: 7:00

zzzlife - Winner!

  • Race: Zerg Zerg
  • League: Diamond
  • Spawn Location: 1:00

VOD

Have the link to the VOD?

Description

Time

  • Played on: Aug. 22, 2026, 5:05 a.m.
  • Length: 14:57
Show
View Real Time Build Order
Export as new Build Order

llllllllllll Protoss 

Build Orders:  

Get SALT Encoding   

  8  0:00  Probe (Chrono Boost)  
  9  0:13  Probe (Chrono Boost)  
  10  0:20  Probe (Chrono Boost)  
  11  0:28  Probe  
  11  0:35  Pylon  
  12  0:40  Probe  
  13  0:53  Probe  
  13  0:56  Gateway  
  14  1:05  Probe (Chrono Boost)  
  14  1:08  Assimilator  
  15  1:15  Probe (Chrono Boost)  
  16  1:20  Probe (Chrono Boost)  
  17  1:31  Probe  
  18  1:43  Probe  
  19  1:52  Nexus  
  19  1:57  Zealot  
  21  2:09  Cybernetics Core  
  21  2:20  Gateway  
  21  2:28  Pylon  
  21  2:36  Pylon  
  21  2:43  Adept (Chrono Boost)  
  21  2:46  Probe  
  21  2:47  Assimilator  
  24  2:58  Probe  
  25  3:04  Probe  
  26  3:10  Probe  
  29  3:17  Stargate  
  27  3:24  Stalker  
  27  3:25  Probe (Chrono Boost)  
  31  3:29  Probe (Chrono Boost)  
  31  3:36  Probe (Chrono Boost)  
  31  3:39  Probe (Chrono Boost)  
  33  3:41  Probe (Chrono Boost)  
  33  3:42  Warp Gate  
  34  3:52  Pylon, Probe (Chrono Boost)  
  34  3:55  Pylon, Probe (Chrono Boost)  
  36  3:59  Probe (Chrono Boost)  
  36  4:02  Probe (Chrono Boost)  
  38  4:06  Probe  
  38  4:08  Oracle (Chrono Boost)  
  39  4:14  Probe  
  43  4:19  Probe  
  43  4:22  Assimilator  
  44  4:24  Assimilator  
  44  4:26  Gateway, Probe  
  44  4:28  Gateway  
  45  4:33  Probe  
  46  4:39  Probe (Chrono Boost)  
  46  4:45  Probe (Chrono Boost)  
  52  4:56  Probe x2 (Chrono Boost)  
  53  5:01  Probe (Chrono Boost)  
  53  5:03  Probe (Chrono Boost)  
  53  5:06  Phoenix  
  54  5:11  Probe  
  55  5:15  Probe  
  55  5:20  Stargate  
  56  5:30  Zealot x2  
  56  5:35  Phoenix, Twilight Council  
  62  5:36  Zealot  
  62  5:39  Pylon  
  64  5:42  Gateway, Pylon  
  64  5:45  Pylon  
  64  5:58  Stalker x2  
  64  6:01  Phoenix  
  64  6:02  Phoenix, Shield Battery  
  72  6:16  Probe  
  73  6:19  Phoenix x2  
  73  6:20  Charge (Chrono Boost)  
  73  6:24  Probe  
  74  6:26  Pylon  
  78  6:39  Probe  
  79  6:42  Probe  
  80  6:49  Phoenix x2  
  80  6:52  Probe  
  85  6:59  Templar Archives  
  85  7:02  Gateway  
  85  7:03  Gateway  
  85  7:07  Gateway  
  85  7:08  Nexus  
  85  7:10  Gateway, Pylon  
  85  7:27  Phoenix x2  
  89  7:31  Probe, Psionic Storm  
  90  7:39  Zealot x3  
  90  7:42  Probe  
  90  7:43  Probe  
  98  7:55  Probe x2, Blink  
  100  8:03  High Templar  
  100  8:05  Zealot x2  
  108  8:20  Probe x2  
  108  8:21  High Templar  
  106  8:30  Probe  
  106  8:32  Probe x2  
  106  8:33  Assimilator  
  109  8:35  Shield Battery, Assimilator  
  109  8:38  High Templar  
  109  8:39  Pylon  
  111  8:42  Probe  
  111  8:44  Probe x2  
  114  8:50  Zealot x2  
  114  8:54  Probe  
  117  8:55  Zealot  
  117  8:56  Probe  
  117  8:57  Probe  
  110  9:03  Zealot x4  
  89  9:12  Zealot  
  89  9:13  Zealot  
  91  9:17  Probe x2  
  91  9:18  Probe  
  94  9:25  Fleet Beacon  
  94  9:29  High Templar x3, Probe  
  94  9:30  Probe x2, Zealot  
  94  9:31  Zealot x2  
  109  9:41  Stalker, Probe  
  109  9:42  Stalker  
  112  9:54  Forge  
  112  9:56  Forge  
  112  9:58  Robotics Facility  
  112  10:01  Zealot x3  
  112  10:04  Robotics Facility  
  112  10:06  High Templar  
  120  10:08  Zealot x2  
  120  10:09  High Templar  
  120  10:13  Archon  
  126  10:18  Archon  
  126  10:19  Archon  
  126  10:37  Pylon  
  126  10:41  Pylon  
  126  10:43  Pylon  
  126  10:45  Pylon  
  126  10:55  Void Ray x2  
  134  11:00  Stalker x6  
  134  11:01  Stalker x2  
  146  11:05  Nexus  
  146  11:18  Immortal (Chrono Boost)  
  124  11:20  Probe, Immortal (Chrono Boost)  
  124  11:23  Shield Battery, Zealot x2  
  130  11:34  Zealot  
  130  11:35  Stalker x5  
  130  11:38  Oracle  
  100  11:56  Stalker x3  
  100  11:57  Stalker x3  
  105  12:07  Immortal  
  110  12:08  Probe x2  
  110  12:09  Probe  
  110  12:15  Pylon  
  112  12:20  Probe x2  
  112  12:22  Probe x2  
  116  12:24  Protoss Ground Weapons Level 1 (Chrono Boost)  
  116  12:27  Robotics Bay  
  116  12:32  Probe  
  116  12:33  Probe  
  118  12:39  Pylon x2  
  118  12:45  Stalker x2  
  118  12:46  High Templar  
  118  12:47  Zealot x2  
  118  12:50  Probe  
  129  12:54  Assimilator  
  129  13:20  Gateway  
  129  13:21  Gateway  
  129  13:24  Gateway  
  129  13:25  Gateway  
  129  13:27  Gateway  
  129  13:30  Shield Battery  
  129  13:31  Zealot x4  
  129  13:32  Zealot x2  
  94  13:43  Zealot x2  
  93  13:55  Zealot x5  
  97  14:00  Probe x4  
  101  14:08  Photon Cannon  
  101  14:12  Probe x2  
  101  14:15  Zealot x2  
  107  14:25  High Templar x3  
  107  14:26  High Templar x2  
  109  14:33  High Templar  
  109  14:34  High Templar x2  
  109  14:35  High Templar  
  117  14:38  Archon  
  117  14:39  Archon  
  117  14:41  Stalker x2  
  119  14:47  Archon  
Show
View Real Time Build Order
Export as new Build Order

zzzlife Zerg - Winner!

Build Orders: Pool First 

Get SALT Encoding   

  8  0:01  Drone  
  9  0:10  Drone  
  10  0:16  Drone  
  11  0:28  Overlord  
  11  0:34  Drone  
  12  0:40  Extractor, Drone  
  12  0:46  Drone  
  13  0:51  Drone  
  14  1:01  Drone  
  15  1:15  Spawning Pool  
  15  1:18  Drone  
  15  1:22  Drone  
  16  1:34  Drone  
  17  1:53  Hatchery  
  17  1:54  Drone  
  17  1:58  Drone  
  18  2:10  Lair  
  18  2:14  Overlord  
  18  2:23  Drone  
  18  2:26  Overlord  
  19  2:35  Zergling x2  
  20  2:41  Drone  
  21  2:50  Drone  
  22  3:00  Drone  
  23  3:06  Queen, Drone  
  23  3:11  Hydralisk Den  
  25  3:13  Drone, Queen  
  25  3:19  Zergling x2  
  29  3:20  Zergling x2  
  29  3:24  Drone  
  31  3:30  Drone  
  32  3:34  Drone  
  33  3:42  Drone  
  33  3:45  Extractor  
  33  3:46  Muscular Augments  
  33  3:47  Drone  
  34  3:55  Drone x2  
  36  3:58  Extractor  
  35  4:03  Drone  
  35  4:04  Drone  
  35  4:09  Hydralisk  
  39  4:22  Overlord  
  39  4:24  Overlord  
  39  4:30  Overlord x3  
  39  4:32  Drone  
  39  4:37  Evolution Chamber  
  39  4:38  Drone  
  40  4:41  Hydralisk x2  
  40  4:44  Hydralisk  
  46  4:50  Grooved Spines  
  46  4:55  Hydralisk  
  48  5:05  Hydralisk x2  
  52  5:11  Overlord  
  52  5:16  Infestation Pit  
  52  5:17  Drone  
  52  5:21  Drone x3  
  52  5:26  Drone x2  
  57  5:28  Drone  
  57  5:33  Drone  
  59  5:36  Drone x2  
  61  5:49  Hatchery  
  60  5:53  Drone x2  
  62  5:59  Hive  
  62  6:03  Metabolic Boost  
  62  6:07  Zerg Melee Weapons Level 1  
  62  6:08  Drone x2  
  62  6:09  Drone  
  62  6:10  Drone  
  66  6:13  Drone x2  
  66  6:18  Drone x3  
  70  6:22  Drone x2  
  73  6:26  Drone  
  73  6:27  Drone x2  
  73  6:30  Drone x2  
  73  6:31  Drone  
  79  6:33  Drone  
  80  6:46  Overlord x3  
  79  6:55  Overlord  
  79  7:02  Hydralisk x2  
  79  7:06  Extractor  
  82  7:10  Hydralisk x4  
  82  7:13  Hydralisk  
  92  7:17  Hatchery  
  92  7:20  Hydralisk x2  
  92  7:21  Hydralisk x2  
  96  7:33  Drone x8  
  104  7:43  Drone x2  
  106  7:46  Extractor  
  105  7:52  Hydralisk x5  
  105  7:54  Overlord  
  115  8:05  Ultralisk Cavern  
  114  8:06  Drone x2  
  114  8:10  Overlord  
  114  8:11  Overlord x3  
  116  8:18  Evolution Chamber  
  114  8:27  Overlord x2  
  114  8:32  Zergling x20  
  114  8:33  Zerg Melee Weapons Level 2  
  124  8:47  Spore Crawler  
  121  8:50  Spore Crawler x2  
  121  8:51  Spore Crawler  
  121  8:53  Spore Crawler  
  100  9:08  Ultralisk x2  
  100  9:09  Ultralisk, Zergling x2  
  89  9:10  Zergling x2  
  89  9:15  Drone x5  
  84  9:18  Drone  
  84  9:19  Drone x5  
  84  9:22  Spore Crawler  
  84  9:23  Spore Crawler x2, Drone x3  
  90  9:28  Zerg Ground Armor Level 1, Anabolic Synthesis  
  90  9:35  Ultralisk, Zergling x4  
  90  9:37  Drone x2  
  100  9:38  Drone  
  100  9:40  Drone  
  99  9:54  Spore Crawler  
  99  9:55  Drone x3, Spore Crawler x2  
  99  9:57  Drone x4  
  99  9:59  Ultralisk  
  109  10:02  Spore Crawler  
  109  10:03  Spore Crawler  
  107  10:07  Spore Crawler  
  107  10:11  Ultralisk  
  107  10:12  Drone x2  
  113  10:24  Ultralisk  
  113  10:25  Zergling x14  
  124  10:32  Drone x5  
  124  10:33  Drone x2  
  131  10:41  Ultralisk  
  137  10:42  Drone  
  137  10:43  Drone x3  
  140  10:50  Ultralisk  
  140  10:52  Drone x4  
  150  10:58  Spore Crawler  
  150  10:59  Spore Crawler  
  150  11:02  Extractor  
  147  11:07  Zergling x2, Overlord  
  147  11:08  Overlord x2  
  148  11:12  Hatchery  
  144  11:20  Ultralisk, Zergling x2  
  144  11:21  Overlord x2  
  144  11:22  Overlord x2  
  141  11:43  Ultralisk x2, Zergling x2  
  141  11:44  Zergling x14  
  155  11:51  Hydralisk x3  
  148  12:01  Ultralisk  
  148  12:02  Zergling x6  
  148  12:05  Drone x2  
  147  12:10  Drone x2  
  147  12:14  Extractor  
  148  12:17  Drone x3  
  151  12:23  Hydralisk x2  
  155  12:39  Zerg Ground Armor Level 2  
  152  12:45  Hydralisk x5  
  161  12:54  Hydralisk x4  
  161  12:56  Overlord x2  
  161  12:57  Overlord x4  
  161  12:58  Drone x4  
  171  12:59  Drone  
  171  13:02  Hydralisk  
  175  13:09  Hydralisk  
  175  13:10  Hydralisk x3  
  154  13:43  Hydralisk  
  154  13:44  Hydralisk x6  
  154  13:45  Ultralisk  
  154  13:47  Zergling x2  
  154  13:48  Zergling x20  
  157  13:56  Ultralisk  
  157  14:02  Spore Crawler  
  162  14:04  Spore Crawler  
  162  14:05  Spore Crawler  
  162  14:06  Spore Crawler, Ultralisk  
  162  14:07  Zergling x12  
  171  14:11  Extractor  
  171  14:14  Ultralisk  
  176  14:23  Drone  
  176  14:24  Drone x3  
  185  14:27  Extractor  
  185  14:35  Zergling x10  
Tags
 
Add a new tag
Caveats
  • Supply blocks, unpowered buildings, or Contaminate may cause inaccurate times.
  • Supply counts are checked every 10 seconds.